 Dungeon Crawl Stone Soup version 0.17-a0-1838-g891d947 (webtiles) character file.

67 akame the Skirmisher (level 4, 0/40 HPs)
             Began as a Hill Orc Fighter on Sept 15, 2015.
             Slain by a goblin
             ... wielding a +0 club
              (3 damage)
             ... on level 3 of the Dungeon.
             The game lasted 00:14:32 (2095 turns).

akame the Skirmisher (Hill Orc Fighter)             Turns: 2095, Time: 00:14:35

Health: 0/40       AC: 13    Str: 19    XL:     4   Next: 16%
Magic:  4/4        EV:  3    Int:  8    God:
Gold:   141        SH:  9    Dex: 10    Spells: 0 memorised, 3 levels left

rFire  . . .     SeeInvis .     y - +0 flail
rCold  . . .     Clarity  .     q - +0 plate armour
rNeg   + . .     SustAt   .     c - +0 shield
rPois  .         Gourm    .     v - +0 helmet
rElec  .         Spirit   .     (no cloak)
rCorr  .         Warding  .     (no gloves)
rMut   .         Stasis   .     z - +0 pair of boots
MR     .....                    (no amulet)
Stlth  ..........               x - ring of positive energy
                                p - ring of wizardry

@: drained, not resistant to hostile enchantments, extremely unstealthy
A: no striking features
a: Convert to Beogh


You were on level 3 of the Dungeon.
You were not hungry.

You visited 1 branch of the dungeon, and saw 3 of its levels.

You collected 141 gold pieces.

Inventory:

Hand weapons
 a - a +0 flail
 y - a +0 flail (weapon)
Missiles
 f - 9 poisoned needles
 r - 17 arrows
Armour
 b - a +0 scale mail
 c - a +0 shield (worn)
 q - a +0 plate armour (worn)
 v - a +0 helmet (worn)
 z - a +0 pair of boots (worn)
Magical staves
 w - an uncursed staff of air {unknown}
Jewellery
 p - a ring of wizardry (left hand)
 x - a ring of positive energy (right hand)
Scrolls
 i - 2 scrolls of remove curse {unknown}
 j - 3 scrolls of identify {unknown}
 n - a scroll of magic mapping {unknown}
Potions
 d - 2 potions of might
 k - 2 potions of invisibility {unknown}
 l - a potion of heal wounds {unknown}
 m - a potion of poison {unknown}
 o - 2 potions of flight {unknown}
 u - 2 potions of curing {unknown}
Comestibles
 e - 3 bread rations
 g - 5 fruits
 h - 3 chunks of flesh
 s - a slice of pizza
 t - a beef jerky


   Skills:
 + Level 4.1(3.5) Fighting
 + Level 2.8(2.2) Maces & Flails
 + Level 3.8(3.2) Armour
 + Level 1.0(0.5) Dodging
 + Level 3.9(3.3) Shields


You had 3 spell levels left.
You didn't know any spells.

Dungeon Overview and Level Annotations

Branches:
Dungeon (3/15)

Altars:
Qazlal


Message History

The orc priest hits you with a hand axe of chopping.
* * * LOW HITPOINT WARNING * * *
x2 The orc hits you but does no damage.
You miss the goblin.
The goblin is moderately wounded.
The goblin hits you but does no damage. The orc hits you with a club.
* * * LOW HITPOINT WARNING * * *
The orc hits you but does no damage. You partially resist.
You feel drained. The orc hits you but does no damage.
The orc priest hits you with a hand axe of chopping.
* * * LOW HITPOINT WARNING * * *
x2 The goblin hits you but does no damage.
The orc priest threatens, "By the altar or by the axe, you will meet Beogh!"
You thump the orc!
You kill the orc!
You block the orc's attack. x2
The orc priest hits you with a hand axe of chopping.
* * * LOW HITPOINT WARNING * * *
x2 The goblin hits you with a club.
You die...

####.##.....#
#...#.....#
#.........#
##........# ###
#
#.....##.....#.#
###.....#
...#.#.#
#.......# #.
....####.
###.#.#.###
#.##o#......
..........#
#.#)@g......
'##.#.#.###
#.#.oo......
..†.#...#
#.#...........
....#####
#......P♣.....
♣.......#
####.P.♣♣P...#
...####.#
#.♣♣♣..####
♣..####.###
#..P...#
...#......#
#..P.P##
........#.#
#.###.....


You could see an orc priest, 2 orcs and a goblin.

Vanquished Creatures
  2 adders (D:2)
  An ooze (D:1)
  A worm (D:2)
  An orc (D:3)
  3 giant cockroaches
  3 goblins (D:1)
  4 hobgoblins
  A ball python (D:3)
  3 bats
  5 giant newts
  5 kobolds
  18 rats
47 creatures vanquished.

Notes
Turn   | Place    | Note
--------------------------------------------------------------
     0 | D:1      | akame the Hill Orc Fighter began the quest for the Orb.
     0 | D:1      | Reached XP level 1. HP: 19/19 MP: 1/1
    38 | D:1      | Reached XP level 2. HP: 21/27 MP: 2/2
   581 | D:1      | Reached XP level 3. HP: 28/33 MP: 3/3
  1055 | D:2      | Reached skill level 4 in Fighting
  1201 | D:2      | Found a stormy altar of Qazlal.
  1742 | D:2      | Reached skill level 1 in Dodging
  1751 | D:2      | Reached XP level 4. HP: 40/40 MP: 4/4
  2095 | D:3      | Slain by a goblin

Vault maps used:
D:1:      erik_arrival_orb_chamber
D:2:      grunt_qazlal_sundering, first_bread
D:3:      lemuel_round_altar, serial_forest, infiniplex_forest_pool,
          infiniplex_forest_3_way, infiniplex_forest_corner_2,
          infiniplex_forest_lined_room_, infiniplex_forest_clump_long,
          infiniplex_forest_straight_2, infiniplex_forest_fountain,
          infiniplex_forest_clump_small, infiniplex_forest_lined_ring

Action                   |  1- 3 |  4- 6 || total
-------------------------+-------+-------++-------
Melee: Flail             |   124 |    38 ||   162
  Eat: Bread ration      |     1 |       ||     1
       Chunk             |     1 |       ||     1
